BSA
POCATELLO BOCCABELLAS @ VISTA PANTHERS
05/28/2027
 
TOP OF THE 1ST
Pocatello Boccabellas batting - Pitching for Vista Panthers : RHP Dave Jackson
Pitching: RHP Dave Jackson
Batting: RHB Tomás Carranza 0-0: DOUBLE (Line Drive, 5D)
Batting: LHB Jim Jensen 0-0: Ball
1-0: Foul Ball, location: 2F
1-1: Ground out 4-3 (Groundball, 4)
Tomás Carranza to third
Batting: RHB Marlon Phipps 0-0: Fly out, F9 (Flyball, 9S)
Batting: LHB Juan Cortés 0-0: Swinging Strike
0-1: Foul Ball, location: 2F
0-2: Ball
1-2: Ball
2-2: Fly out, F8 (Flyball, 89M)
Top of the 1st over - 0 run(s), 1 hit(s), 0 error(s), 1 left on base; Pocatello 0 - Vista 0
BOTTOM OF THE 1ST
Vista Panthers batting - Pitching for Pocatello Boccabellas : LHP Rod Adams
Pitching: LHP Rod Adams
Batting: RHB Justin Burgess 0-0: Foul Ball, location: 2F
0-1: Foul Ball, location: 2F
0-2: Ball
1-2: Strikes out looking
Batting: RHB John Mendelson 0-0: DOUBLE (Flyball, 78D)
Batting: RHB Roberto Cruz 0-0: Called Strike
0-1: Ball
1-1: Foul Ball, location: 2F
1-2: Ball
2-2: Foul Ball, location: 2F
2-2: Ball
3-2: Base on Balls
Batting: LHB Donovan Bird 0-0: Called Strike
0-1: Ball
1-1: Fly out, F8 (Flyball, 89D)
Runner from 2nd tags up, SAFE at 3rd, no throw
Batting: RHB Salvador Salas 0-0: Ball
1-0: SINGLE (Line Drive, 56)
John Mendelson scores
Roberto Cruz to second
Batting: LHB Bob Cunningham 0-0: Called Strike
0-1: SINGLE (Flyball, 78S)
Roberto Cruz to third
Salvador Salas to second
Runner from 3rd tries for Home, SAFE, throw made home
Salvador Salas to third
Bob Cunningham to second
Batting: RHB Phil Matthews 0-0: Called Strike
0-1: Foul Ball, location: 2F
0-2: Foul Ball, location: 2F
0-2: Strikes out swinging
Bottom of the 1st over - 2 run(s), 3 hit(s), 0 error(s), 2 left on base; Pocatello 0 - Vista 2
TOP OF THE 2ND
Pocatello Boccabellas batting - Pitching for Vista Panthers : RHP Dave Jackson
Batting: RHB Francisco Sandoval 0-0: Ball
1-0: Fly out, F7 (Flyball, 7S)
Batting: SHB Nick Cox 0-0: Fly out, F8 (Flyball, 8RD)
Batting: RHB Jeremy Carr 0-0: Ball
1-0: Fly out, F8 (Flyball, 78XD)
Top of the 2nd over - 0 run(s), 0 hit(s), 0 error(s), 0 left on base; Pocatello 0 - Vista 2
BOTTOM OF THE 2ND
Vista Panthers batting - Pitching for Pocatello Boccabellas : LHP Rod Adams
Batting: RHB Cisco Gatán 0-0: Ball
1-0: Called Strike
1-1: Ground out 6-3 (Groundball, 6)
Batting: LHB Francisco Marino 0-0: Called Strike
0-1: Foul Ball, location: 2F
0-2: Foul Ball, location: 2F
0-2: Ball
1-2: Ball
2-2: Ball
3-2: Fly out, F7 (Line Drive, 7LM)
Batting: RHB Justin Burgess 0-0: Ground out 5-3 (Groundball, 56S)
Bottom of the 2nd over - 0 run(s), 0 hit(s), 0 error(s), 0 left on base; Pocatello 0 - Vista 2
TOP OF THE 3RD
Pocatello Boccabellas batting - Pitching for Vista Panthers : RHP Dave Jackson
Batting: RHB Pedro Guzmán 0-0: Called Strike
0-1: Ball
1-1: Ball
2-1: Called Strike
2-2: Ball
3-2: Strikes out swinging
Batting: RHB José Delgado 0-0: Foul Ball, location: 2F
0-1: Ball
1-1: Swinging Strike
1-2: Foul Ball, location: 2F
1-2: Ball
2-2: Strikes out looking
Batting: RHB Tomás Carranza 0-0: Ball
1-0: Called Strike
1-1: Called Strike
1-2: Foul Ball, location: 2F
1-2: Ball
2-2: TRIPLE (Flyball, 89D)
Batting: LHB Jim Jensen 0-0: Foul Ball, location: 2F
0-1: Called Strike
0-2: Fly out, F3 (Popup, 3)
Top of the 3rd over - 0 run(s), 1 hit(s), 0 error(s), 1 left on base; Pocatello 0 - Vista 2
BOTTOM OF THE 3RD
Vista Panthers batting - Pitching for Pocatello Boccabellas : LHP Rod Adams
Batting: RHB John Mendelson 0-0: Ball
1-0: Foul Ball, location: 2F
1-1: Foul Ball, location: 2F
1-2: Ground out 5-3 (Groundball, 5)
Batting: RHB Roberto Cruz 0-0: Ball
1-0: Called Strike
1-1: Foul Ball, location: 2F
1-2: Ball
2-2: Fly out, F7 (Flyball, 78M)
Batting: LHB Donovan Bird 0-0: Swinging Strike
0-1: Called Strike
0-2: Ball
1-2: Strikes out swinging
Bottom of the 3rd over - 0 run(s), 0 hit(s), 0 error(s), 0 left on base; Pocatello 0 - Vista 2
TOP OF THE 4TH
Pocatello Boccabellas batting - Pitching for Vista Panthers : RHP Dave Jackson
Batting: RHB Marlon Phipps 0-0: Swinging Strike
0-1: Swinging Strike
0-2: Foul Ball, location: 2F
0-2: DOUBLE (Flyball, 8LXD)
Batting: LHB Juan Cortés 0-0: Called Strike
0-1: Foul Ball, location: 2F
0-2: Ball
1-2: Foul Ball, location: 2F
1-2: SINGLE (Groundball, 15S) (infield hit)
Marlon Phipps to third
Pinch Runner at 1st Vicente Bueno:
Batting: RHB Francisco Sandoval 0-0: Called Strike
0-1: Fly out, F8 (Flyball, 89D)
Runner from 3rd tags up, SCORES, no throw
Batting: SHB Nick Cox 0-0: Foul Ball, location: 2F
0-1: Foul Ball, location: 2F
0-2: Foul Ball, location: 2F
0-2: Strikes out looking
Batting: RHB Jeremy Carr 0-0: Ball
1-0: Ball
2-0: Called Strike
Vicente Bueno steals 2nd base
2-1: Foul Ball, location: 2F
2-2: Strikes out looking
Top of the 4th over - 1 run(s), 2 hit(s), 0 error(s), 1 left on base; Pocatello 1 - Vista 2
BOTTOM OF THE 4TH
Vista Panthers batting - Pitching for Pocatello Boccabellas : LHP Rod Adams
Now in RF: Vicente Bueno
Batting: RHB Salvador Salas 0-0: Ball
1-0: SINGLE (Groundball, 3S) (infield hit)
Batting: LHB Bob Cunningham 0-0: Ball
1-0: Fly out, F6 (Line Drive, 6D)
Batting: RHB Phil Matthews 0-0: Called Strike
0-1: Ball
1-1: Ball
2-1: Foul Ball, location: 2F
2-2: Foul Ball, location: 2F
2-2: Ball
3-2: Fly out, F7 (Flyball, 78D)
Batting: RHB Cisco Gatán 0-0: Ball
1-0: Called Strike
1-1: Called Strike
1-2: Ball
2-2: Foul Ball, location: 2F
2-2: Ball
3-2: SINGLE (Line Drive, 7S)
Salvador Salas to second
Salvador Salas to third
Batting: LHB Francisco Marino 0-0: Ball
1-0: Swinging Strike
1-1: Called Strike
1-2: Ball
2-2: Ground out 4-3 (Groundball, 34)
Bottom of the 4th over - 0 run(s), 2 hit(s), 0 error(s), 2 left on base; Pocatello 1 - Vista 2
TOP OF THE 5TH
Pocatello Boccabellas batting - Pitching for Vista Panthers : RHP Dave Jackson
Batting: RHB Pedro Guzmán 0-0: Ground out 3-1 (Groundball, 34)
Batting: RHB José Delgado 0-0: Ball
1-0: Called Strike
1-1: Ground out 5-3 (Groundball, 56)
Batting: RHB Tomás Carranza 0-0: Ball
1-0: Swinging Strike
1-1: Ground out U3 (Groundball, 34)
Top of the 5th over - 0 run(s), 0 hit(s), 0 error(s), 0 left on base; Pocatello 1 - Vista 2
BOTTOM OF THE 5TH
Vista Panthers batting - Pitching for Pocatello Boccabellas : LHP Rod Adams
Batting: RHB Justin Burgess 0-0: Swinging Strike
0-1: Fly out, F9 (Flyball, 9D)
Batting: RHB John Mendelson 0-0: Called Strike
0-1: Ball
1-1: Ball
2-1: Swinging Strike
2-2: Ball
3-2: Foul Ball, location: 2F
3-2: Fly out, F9 (Flyball, 9LSF)
Batting: RHB Roberto Cruz 0-0: Ball
1-0: Called Strike
1-1: Ball
2-1: Foul Ball, location: 2F
2-2: Ball
3-2: Strikes out looking
Bottom of the 5th over - 0 run(s), 0 hit(s), 0 error(s), 0 left on base; Pocatello 1 - Vista 2
TOP OF THE 6TH
Pocatello Boccabellas batting - Pitching for Vista Panthers : RHP Dave Jackson
Batting: LHB Jim Jensen 0-0: Ball
1-0: Called Strike
1-1: Foul Ball, location: 2F
1-2: Ground out 4-3 (Groundball, 4)
Batting: RHB Marlon Phipps 0-0: Foul Ball, location: 2F
0-1: Foul Ball, location: 2F
0-2: Ball
1-2: Strikes out swinging
Batting: LHB Vicente Bueno 0-0: Called Strike
0-1: Ball
1-1: Ball
2-1: Ball
3-1: Foul Ball, location: 2F
3-2: Strikes out swinging
Top of the 6th over - 0 run(s), 0 hit(s), 0 error(s), 0 left on base; Pocatello 1 - Vista 2
BOTTOM OF THE 6TH
Vista Panthers batting - Pitching for Pocatello Boccabellas : LHP Rod Adams
Batting: LHB Donovan Bird 0-0: Ball
1-0: Ball
2-0: Foul Ball, location: 2F
2-1: Ground out 4-3 (Groundball, 4)
Batting: RHB Salvador Salas 0-0: Fly out, F7 (Flyball, 7LMF)
Batting: LHB Bob Cunningham 0-0: Fly out, F9 (Flyball, 9D)
Bottom of the 6th over - 0 run(s), 0 hit(s), 0 error(s), 0 left on base; Pocatello 1 - Vista 2
TOP OF THE 7TH
Pocatello Boccabellas batting - Pitching for Vista Panthers : RHP Dave Jackson
Batting: RHB Francisco Sandoval 0-0: Swinging Strike
0-1: Ball
1-1: Foul Ball, location: 2F
1-2: Fly out, F7 (Flyball, 78D)
Batting: SHB Nick Cox 0-0: Fly out, F8 (Flyball, 8LD)
Batting: RHB Jeremy Carr 0-0: Foul Ball, location: 2F
0-1: Fly out, F7 (Flyball, 7S)
Top of the 7th over - 0 run(s), 0 hit(s), 0 error(s), 0 left on base; Pocatello 1 - Vista 2
BOTTOM OF THE 7TH
Vista Panthers batting - Pitching for Pocatello Boccabellas : LHP Rod Adams
Batting: RHB Phil Matthews 0-0: Called Strike
0-1: Fly out, F7 (Flyball, 7LSF)
Batting: RHB Cisco Gatán 0-0: Ball
1-0: SINGLE (Flyball, 9LS)
Pinch Hitting: SHB Mark Wells 0-0: Ball
1-0: Called Strike
1-1: Swinging Strike
1-2: Fielders Choice at 2nd, 6-4 (Groundball, 6)
Batting: RHB Justin Burgess 0-0: Ball
Wild Pitch!
Mark Wells to second
1-0: Ball
2-0: Fly out, F8 (Flyball, 8RS)
Bottom of the 7th over - 0 run(s), 1 hit(s), 0 error(s), 1 left on base; Pocatello 1 - Vista 2
TOP OF THE 8TH
Pocatello Boccabellas batting - Pitching for Vista Panthers : RHP Dave Jackson
Pitching: RHP José Betancourt
Now at 2B: Brent Alonzo
Batting: RHB Pedro Guzmán 0-0: Ball
1-0: Foul Ball, location: 2F
1-1: Ball
2-1: Ground out 6-3 (Groundball, 6)
Batting: RHB José Delgado 0-0: Called Strike
0-1: Ball
1-1: Foul Ball, location: 2F
1-2: Ground out 6-3 (Groundball, 6M)
Batting: RHB Tomás Carranza 0-0: Ground out 3-1 (Groundball, 34)
Top of the 8th over - 0 run(s), 0 hit(s), 0 error(s), 0 left on base; Pocatello 1 - Vista 2
BOTTOM OF THE 8TH
Vista Panthers batting - Pitching for Pocatello Boccabellas : LHP Rod Adams
Pitching: RHP Jaime Espinoza
Batting: RHB John Mendelson 0-0: Foul Ball, location: 2F
0-1: Swinging Strike
0-2: Ball
1-2: Foul Ball, location: 2F
1-2: Strikes out swinging
Batting: RHB Roberto Cruz 0-0: Ball
1-0: Ball
2-0: Ball
3-0: Called Strike
3-1: Foul Ball, location: 2F
3-2: Strikes out looking
Pitching: LHP Mark Murchison
Batting: LHB Donovan Bird 0-0: Called Strike
0-1: Called Strike
0-2: Ball
1-2: Ball
2-2: Ground out 3-1 (Groundball, 34)
Bottom of the 8th over - 0 run(s), 0 hit(s), 0 error(s), 0 left on base; Pocatello 1 - Vista 2
TOP OF THE 9TH
Pocatello Boccabellas batting - Pitching for Vista Panthers : RHP José Betancourt
Pitching: RHP David Simpson
Batting: LHB Jim Jensen 0-0: Ball
1-0: Ground out 4-3 (Groundball, 4)
Batting: RHB Marlon Phipps 0-0: SINGLE (Groundball, 4MD)
Batting: LHB Vicente Bueno 0-0: Called Strike
0-1: Called Strike
0-2: Strikes out swinging
Batting: RHB Francisco Sandoval 0-0: Foul Ball, location: 2F
0-1: Ball
1-1: Ball
2-1: Swinging Strike
2-2: Ball
3-2: Strikes out swinging
Top of the 9th over - 0 run(s), 1 hit(s), 0 error(s), 1 left on base; Pocatello 1 - Vista 2
Thursday, March 30th, 2017 - OOTP Baseball 17.12 Build 75